 Dungeon Crawl Stone Soup version 0.25-a0-294-gea9b1ad (webtiles) character file.

Game seed: 8907293078449440300, levelgen mode: deterministic

21 Telstra101 the Shield-Bearer (level 2, 0/29 HPs)
             Began as a Gnoll Fighter on Dec 18, 2019.
             Succumbed to an adder's poison
             ... on level 2 of the Dungeon.
             The game lasted 00:03:18 (780 turns).

Telstra101 the Shield-Bearer (Gnoll Fighter)         Turns: 780, Time: 00:03:19

Health: 0/29       AC:  9    Str: 23    XL:     2   Next: 83%
Magic:  2/2        EV:  8    Int: 10    God:
Gold:   27         SH: 11    Dex: 14    Spells: 2/2 levels left

rFire    . . .     SeeInvis .   a - +0 long sword
rCold    . . .     Gourm    .   c - +0 shield
rNeg     . . .     Faith    .   b - +0 scale mail
rPois    .         Spirit   .   h - +0 helmet
rElec    .         Reflect  .   (no cloak)
rCorr    .         Harm     .   (no gloves)
MR       .....                  (no boots)
Stlth    ..........             (no amulet)
HPRegen  0.09/turn              (no ring)
MPRegen  0.08/turn              (no ring)

@: mighty, lethally poisoned (0 -> -20)
A: distributed training, fangs 1, strong nose
a: no special abilities


You were on level 2 of the Dungeon.
You were not hungry.

You visited 1 branch of the dungeon, and saw 2 of its levels.

You collected 27 gold pieces.

Inventory:

Hand Weapons
 a - a +0 long sword (weapon)
Armour
 b - a +0 scale mail (worn)
 c - a +0 shield (worn)
 h - a +0 helmet (worn)
Jewellery
 j - a +4 ring of strength {unknown}
Scrolls
 e - a scroll of remove curse
 k - a scroll of fear {unknown}
 l - a scroll of fog {unknown}
Comestibles
 f - a ration
 g - 4 chunks of flesh


   Skills:
 + Level 6.5 Fighting
 + Level 0.5 Short Blades
 + Level 4.5 Long Blades
 + Level 0.5 Axes
 + Level 0.5 Maces & Flails
 + Level 0.5 Polearms
 + Level 0.5 Staves
 + Level 0.5 Slings
 + Level 0.5 Bows
 + Level 0.5 Crossbows
 + Level 0.5 Throwing
 + Level 6.5 Armour
 + Level 0.5 Dodging
 + Level 0.5 Stealth
 + Level 6.5 Shields
 + Level 0.5 Unarmed Combat
 + Level 0.5 Spellcasting
 + Level 0.3 Conjurations
 + Level 0.3 Hexes
 + Level 0.3 Charms
 + Level 0.3 Summonings
 + Level 0.3 Necromancy
 + Level 0.3 Translocations
 + Level 0.3 Transmutations
 + Level 0.3 Fire Magic
 + Level 0.3 Ice Magic
 + Level 0.3 Air Magic
 + Level 0.3 Earth Magic
 + Level 0.3 Poison Magic
 + Level 0.6 Invocations
 + Level 0.5 Evocations


You had 2 spell levels left.
You didn't know any spells.
Your spell library was empty.

Dungeon Overview and Level Annotations

Branches:
Dungeon (2/15)

Altars:


Innate Abilities, Weirdness & Mutations

Your experience applies equally to all skills.
You have very sharp teeth.
Your uncanny sense of smell can sniff out nearby items.


Message History

The giant cockroach bites you but does no damage.
The adder bites you.
Your shield and scale mail prevent you from hitting the adder.
The adder is almost dead.
You feel sick. The giant cockroach closely misses you.
You riposte.
You slash the giant cockroach!
You kill the giant cockroach!
The adder bites you.
* * * LOW HITPOINT WARNING * * *
You are more poisoned.
The adder poisons you!
You barely miss the adder.
The adder is almost dead.
* * * LOW HITPOINT WARNING * * *
You feel sick. The adder barely misses you. The adder bites you.
* * * LOW HITPOINT WARNING * * *
You aren't carrying any potions.
As you read the scroll labeled WYJIVE ZAE, it crumbles to dust.
You feel blessed for a moment.
It was a scroll of remove curse.
You die...

#.# ∆ .. ... ..# .)∆ #.#
#.# #. #.# #.#
#.###.###.##########
#..............).... #.
#.##..###.#####.####
.#...#.##..###.#####.####
........@................
........S..###........###
.......#..## #..####.##
#.#..#.#..####..# #.#
#...............# #.#
#.#..#.#.....##.####.# .
...................####
........................
....####..#.##>####


You could see an adder.

Vanquished Creatures
  An ooze (D:1)
  A dart slug (D:1)
  A giant cockroach (D:2)
  3 goblins
  A hobgoblin (D:1)
  2 jackals (D:2)
  A kobold (D:2)
  2 frilled lizards (D:1)
  A rat (D:1)
13 creatures vanquished.

Notes
Turn   | Place    | Note
-------+----------+-------------------------------------------
     0 | D:1      | Telstra101 the Gnoll Fighter began the quest for the Orb.
     0 | D:1      | Reached XP level 1. HP: 23/23 MP: 1/1
   367 | D:1      | Reached XP level 2. HP: 29/29 MP: 2/2
   780 | D:2      | Succumbed to an adder's poison

Levels and vault maps discovered:
D:1:      dpeg_arrival_signposts, layout_loops_ring
D:2:      layout_basic, old_standard_altar, grunt_decor_cap

Action                   || total
-------------------------++-------
Melee: Long sword        ||    32
       Bite              ||     1
  Use: Potion            ||     2
       Scroll            ||     1
Armor: Scale mail        ||    21
Dodge: Dodged            ||    10
Block: Shield            ||    20
       Rpst.: Long sword ||     3

Table legend:
 A = Non-vault XP
 B = Vault XP
 C = Vault XP percentage of total XP
 D = Non-vault monster count
 E = Vault monster count
 F = Vault count percentage of total count
                 A         B        C        D         E       F
            +---------+---------+-------+---------+---------+-------
      Total |      30 |       0 |   0.0 |      13 |       0 |   0.0
            +---------+---------+-------+---------+---------+-------
        D:1 |      20 |       0 |   0.0 |       8 |       0 |   0.0
        D:2 |      10 |       0 |   0.0 |       5 |       0 |   0.0
            +---------+---------+-------+---------+---------+-------
